Influenza vs Carnivores
Created - November 14, 2020 at 20:15
Goals
|
| Influenza |
1 |
1 |
0 |
2 |
| Carnivores |
2 |
1 |
1 |
4 |
|
Shots
|
| Influenza |
13 |
17 |
10 |
40 |
| Carnivores |
16 |
7 |
10 |
33 |
|
1st period
1. Carnivores , Blake Geoffrion 10 (Joel Armia 6, Anton Gustafsson 6) at 9:00
2. Influenza , Pavel Zacha 3 (JT Compher 7, Tim Erixon 3) at 14:51
3. Carnivores , Scott Laughton 11 (Nicolas Kerdiles 8) at 14:57
Penalties :
No Penalty
2nd period
4. Influenza , Shane Prince 1 (Markus Nutivaara 5, Ryan Dzingel 1) at 16:36
5. Carnivores , Nicolas Kerdiles 9 (Chris Lawrence 17, Mat Clark 3) at 16:48
Penalties :
No Penalty
3rd period
6. Carnivores , Scott Laughton 12 (Nicolas Kerdiles 9, Anton Gustafsson 7) at 5:22
Penalties :
Mat Clark (Bre) for Interference (Minor) at 2:17, Mat Clark (Bre) for Roughing (Minor) at 13:20
Goalie Stats
Malcolm Subban (VJB), 29 saves from 33 shots - (0.879), L, 4-5-0, 60:00 minutes
Niklas Svedberg (Bre), 38 saves from 40 shots - (0.950), W, 3-1-1, 60:00 minutes
Players Stats for Influenza
Player Name G A P +/- PIM S H SB GA TA FO MP PP MP PK MP
------------------------------------------------------------------------------------
Bo Horvat 0 0 0 -2 0 1 4 0 0 0 16/34 21:18 2:08 0:00
Colton Sissons 0 0 0 -1 0 0 0 0 2 0 5/8 14:13 0:45 0:00
Dmitry Sinitsyn 0 0 0 -1 0 1 0 2 0 0 0/0 18:20 1:59 0:00
Iiro Pakarinen 0 0 0 -2 0 6 1 1 0 0 0/0 21:16 1:44 0:00
Jaden Lindo 0 0 0 1 0 0 1 0 0 0 0/1 7:14 0:00 0:00
JT Compher 0 1 1 0 0 5 2 0 1 1 0/1 17:42 1:44 0:00
Justin Bailey 0 0 0 0 0 1 2 0 0 1 2/3 17:57 1:50 0:00
Luca Sbisa 0 0 0 -1 0 1 4 3 0 0 0/0 22:29 1:59 0:00
Lucas Lessio 0 0 0 -1 0 6 0 1 0 0 0/0 13:06 0:00 0:00
Markus Nutivaara 0 1 1 -1 0 3 2 2 2 1 0/0 21:13 0:00 0:00
Max Domi 0 0 0 -2 0 5 0 0 1 0 2/3 21:18 2:08 0:00
Noah Hanifin 0 0 0 0 0 2 0 1 1 0 0/0 16:37 1:59 0:00
Pavel Zacha 1 0 1 0 0 3 0 0 1 0 4/8 17:39 1:29 0:00
Roland McKeown 0 0 0 0 0 1 0 2 0 0 0/0 14:11 0:00 0:00
Ryan Dzingel 0 1 1 1 0 1 0 0 2 0 0/0 7:42 0:06 0:00
Shane Prince 1 0 1 1 0 1 3 0 1 0 1/2 7:14 0:00 0:00
Tim Erixon 0 1 1 -1 0 3 2 6 0 2 0/0 27:10 1:59 0:00
Tom Kuhnhackl 0 0 0 -1 0 0 0 0 0 0 0/0 13:21 0:00 0:00
Players Stats for Carnivores
Player Name G A P +/- PIM S H SB GA TA FO MP PP MP PK MP
------------------------------------------------------------------------------------
Adam Almquist 0 0 0 -1 0 0 1 1 0 2 0/0 6:36 0:00 0:00
Andreas Englund 0 0 0 1 0 0 1 1 0 0 0/0 17:54 0:00 2:09
Anton Gustafsson 0 2 2 1 0 3 0 1 0 0 10/15 17:16 0:00 2:17
Blake Geoffrion 1 0 1 1 0 4 2 0 0 0 1/1 14:47 0:00 0:00
Brett Connolly 0 0 0 0 0 3 1 0 0 0 0/0 8:04 0:00 0:00
Carl Dahlstrom 0 0 0 1 0 0 0 1 0 0 0/0 12:17 0:00 0:00
Chris Lawrence 0 1 1 3 0 3 3 1 0 0 0/0 19:31 0:00 0:00
Hunter Shinkaruk 0 0 0 0 0 1 0 0 1 1 0/0 8:04 0:00 0:00
Joel Armia 0 1 1 1 0 1 1 0 0 0 0/0 15:07 0:00 0:00
Josh Morrissey 0 0 0 1 0 2 0 0 0 2 0/0 23:29 0:00 2:09
Lucas Wallmark 0 0 0 0 0 0 1 0 0 1 1/3 8:04 0:00 0:00
Mark McNeill 0 0 0 -2 0 0 0 0 0 0 2/2 13:14 0:00 0:00
Markus Granlund 0 0 0 -2 0 2 2 2 0 0 2/5 13:46 0:00 0:47
Mat Clark 0 1 1 1 4 1 2 2 1 0 0/0 21:16 0:00 0:00
Mattias Backman 0 0 0 1 0 4 0 1 0 2 0/0 17:38 0:00 1:49
Nicolas Deslauriers 0 0 0 -2 0 2 2 0 1 1 0/0 14:18 0:00 1:27
Nicolas Kerdiles 1 2 3 3 0 2 0 2 1 0 1/2 22:01 0:00 2:18
Riley Barber 0 0 0 0 0 0 0 0 0 0 0/0 1:05 0:00 0:40
Scott Laughton 2 0 2 3 0 5 1 1 1 1 13/32 20:24 0:00 0:27
Travis Dermott 0 0 0 1 0 0 0 0 0 1 0/0 12:27 0:00 0:10
Trevor Van Riemsdyk 0 0 0 -1 0 0 0 0 0 0 0/0 8:42 0:00 1:39
3 Stars
1 - Scott Laughton (Bre)
2 - Nicolas Kerdiles (Bre)
3 - Niklas Svedberg (Bre)
Power Play
Influenza - 0 on 2 Attempt(s) - 0.00%
Carnivores - 0 on 0 Attempt(s) - 0.00%
Penalty Kill
Influenza - 0 on 0 Attempt(s) - 0.00%
- Score 0 goal in Penalty Kill
Carnivores - 2 on 2 Attempt(s) - 100.00%
- Score 0 goal in Penalty Kill
Team Stat
Influenza - Hits : 21 - Faceoff Wins : 30 - Blocked Shots : 18 - Penalty Minutes : 0
Carnivores - Hits : 17 - Faceoff Wins : 30 - Blocked Shots : 13 - Penalty Minutes : 4
Official
Referees : Unknown
Linesman : Unknown
Game Notes
No Game Note
Finance
Level 1 -- Attendance: 1427 (71.35%) -- Ticket Income $57,080
Level 2 -- Attendance: 712 (71.20%) -- Ticket Income $14,240
Total Attendance: 2139 (71.30%)
Total Ticket Income: $71,320
Other Income: $3,566
Total Income: $74,886
Influenza
5 vs 5 Forward
Center Left Wing Right Wing Time % Phy DF OF
1 Bo Horvat Max Domi Iiro Pakarinen 40 1 2 2
2 Pavel Zacha JT Compher Justin Bailey 30 1 2 2
3 Colton Sissons Lucas Lessio Tom Kuhnhackl 20 1 2 2
4 Shane Prince Ryan Dzingel Jaden Lindo 10 1 2 2
5 vs 5 Defense
Defense Defense Time % Phy DF OF
1 Markus Nutivaara Tim Erixon 40 1 2 2
2 Dmitry Sinitsyn Luca Sbisa 30 1 2 2
3 Noah Hanifin Roland McKeown 20 1 2 2
4 Tim Erixon Luca Sbisa 10 1 2 2
PowerPlay Forward
Center Left Wing Right Wing Time % Phy DF OF
1 Bo Horvat Max Domi Justin Bailey 60 1 2 2
2 Pavel Zacha JT Compher Iiro Pakarinen 40 1 2 2
PowerPlay Defense
Defense Defense Time % Phy DF OF
1 Tim Erixon Luca Sbisa 60 1 2 2
2 Dmitry Sinitsyn Noah Hanifin 40 1 2 2
Penalty Kill 4 Players Forward
Center Wing Time % Phy DF OF
1 Colton Sissons Ryan Dzingel 60 1 2 2
2 Bo Horvat Lucas Lessio 40 1 2 2
Penalty Kill 4 Players Defense
Defense Defense Time % Phy DF OF
1 Tim Erixon Dmitry Sinitsyn 60 1 2 2
2 Roland McKeown Luca Sbisa 40 1 2 2
Penalty Kill - 3 Players Forward
Forward Time % Phy DF OF
1 Colton Sissons 60 1 2 2
2 Bo Horvat 40 1 2 2
Penalty Kill - 3 Players Defense
Defense Defense Time % Phy DF OF
1 Tim Erixon Dmitry Sinitsyn 60 1 2 2
2 Roland McKeown Luca Sbisa 40 1 2 2
4 vs 4 Forward
Center Wing Time % Phy DF OF
1 Bo Horvat Max Domi 60 1 2 2
2 Colton Sissons Iiro Pakarinen 40 1 2 2
4 vs 4 Defense
Defense Defense Time % Phy DF OF
1 Tim Erixon Dmitry Sinitsyn 60 1 2 2
2 Markus Nutivaara Noah Hanifin 40 1 2 2
Last Minutes Offensive
Center Left Wing Right Wing Defense Defense
Bo Horvat Max Domi Iiro Pakarinen Tim Erixon Luca Sbisa
Last Minutes Defensive
Center Left Wing Right Wing Defense Defense
Bo Horvat Max Domi Iiro Pakarinen Tim Erixon Dmitry Sinitsyn
Goaltenders
Starting : Malcolm Subban
Backup : Charlie Lindgren
Extra Forwards
Normal : Pavel Zacha, Iiro Pakarinen, Justin Bailey - PP : Iiro Pakarinen, Colton Sissons - PK : Iiro Pakarinen
Extra Defensemen
Normal : Markus Nutivaara, Noah Hanifin, Roland McKeown - PP : Markus Nutivaara - PK : Noah Hanifin, Roland McKeown
Penalty Shots
Bo Horvat, Colton Sissons, Ryan Dzingel, Tom Kuhnhackl, Max Domi
Scratches
Brock Boeser (Strained Right Knee Injury), Jeff Corbett (Healthy), Aleksi Saarela (Healthy), Henri Ikonen (Healthy), Johan Larsson (Healthy)
Jakob Forsbacka-Karlsson (Healthy), Blake Lizotte (Healthy), Radovan Bondra (Healthy), Simon Bourque (Healthy), Mitchell Moroz (Healthy)
Jesse Graham (Healthy), Jake Walman (Healthy), Conner Bleackley (Healthy), Brycen Martin (Healthy), Jamie Phillips (Healthy)
Carnivores
5 vs 5 Forward
Center Left Wing Right Wing Time % Phy DF OF
1 Scott Laughton Nicolas Kerdiles Chris Lawrence 40 1 2 2
2 Anton Gustafsson Blake Geoffrion Joel Armia 30 1 2 2
3 Markus Granlund Nicolas Deslauriers Mark McNeill 20 1 2 2
4 Lucas Wallmark Hunter Shinkaruk Brett Connolly 10 1 2 2
5 vs 5 Defense
Defense Defense Time % Phy DF OF
1 Mat Clark Josh Morrissey 40 1 2 2
2 Andreas Englund Mattias Backman 30 1 2 2
3 Carl Dahlstrom Travis Dermott 20 1 2 2
4 Trevor Van Riemsdyk Adam Almquist 10 1 2 2
PowerPlay Forward
Center Left Wing Right Wing Time % Phy DF OF
1 Scott Laughton Nicolas Kerdiles Chris Lawrence 60 1 1 3
2 Anton Gustafsson Blake Geoffrion Joel Armia 40 1 2 2
PowerPlay Defense
Defense Defense Time % Phy DF OF
1 Mat Clark Josh Morrissey 60 1 2 2
2 Mattias Backman Travis Dermott 40 1 1 3
Penalty Kill 4 Players Forward
Center Wing Time % Phy DF OF
1 Anton Gustafsson Nicolas Kerdiles 60 1 2 2
2 Markus Granlund Nicolas Deslauriers 40 1 2 2
Penalty Kill 4 Players Defense
Defense Defense Time % Phy DF OF
1 Andreas Englund Josh Morrissey 60 1 3 1
2 Mat Clark Mattias Backman 40 1 3 1
Penalty Kill - 3 Players Forward
Forward Time % Phy DF OF
1 Anton Gustafsson 60 1 3 1
2 Mark McNeill 40 1 3 1
Penalty Kill - 3 Players Defense
Defense Defense Time % Phy DF OF
1 Andreas Englund Josh Morrissey 60 1 3 1
2 Mat Clark Mattias Backman 40 1 3 1
4 vs 4 Forward
Center Wing Time % Phy DF OF
1 Scott Laughton Blake Geoffrion 60 1 2 2
2 Anton Gustafsson Chris Lawrence 40 1 2 2
4 vs 4 Defense
Defense Defense Time % Phy DF OF
1 Mat Clark Josh Morrissey 60 1 2 2
2 Mattias Backman Travis Dermott 40 1 2 2
Last Minutes Offensive
Center Left Wing Right Wing Defense Defense
Scott Laughton Blake Geoffrion Chris Lawrence Josh Morrissey Travis Dermott
Last Minutes Defensive
Center Left Wing Right Wing Defense Defense
Markus Granlund Nicolas Kerdiles Mark McNeill Josh Morrissey Travis Dermott
Goaltenders
Starting : Niklas Svedberg
Backup : Felix Sanstrom
Extra Forwards
Normal : Riley Barber, Markus Granlund, Mark McNeill - PP : Riley Barber, Hunter Shinkaruk - PK : Riley Barber
Extra Defensemen
Normal : Adam Almquist, Mattias Backman, Trevor Van Riemsdyk - PP : Adam Almquist - PK : Mattias Backman, Trevor Van Riemsdyk
Penalty Shots
Joel Armia, Anton Gustafsson, Blake Geoffrion, Chris Lawrence, Scott Laughton
Scratches
Ryan Olsen (Healthy), Freddie Hamilton (Healthy), Sergei Zborovskiy (Healthy), Filip Chlapik (Healthy), Stanislav Galiev (Healthy)
Mark MacMillan (Healthy), Troy Bourke (Healthy), Alexandre Mallet (Healthy), Christian Djoos (Back Spasms Injury), T.J Brodie (Back Injury)
Josh Wesley (Healthy), Linus Ullmark (Healthy), Tristan Jarry (Healthy)
% Time on Ice - Influenza
Lines # - Real PCT - Wanted PCT - Time Play
Normal Forward
1 - 35% - 40% - 19:44
2 - 28% - 30% - 15:58
3 - 23% - 20% - 13:06
4 - 13% - 10% - 7:14
Normal Defense
1 - 38% - 40% - 21:15
2 - 29% - 30% - 16:21
3 - 25% - 20% - 14:11
4 - 8% - 10% - 4:15
PP Forward
1 - 56% - 60% - 2:14
2 - 44% - 40% - 1:44
PP Defense
1 - 50% - 60% - 1:59
2 - 50% - 40% - 1:59
PK Forward
1 - 0% - 60%
2 - 0% - 40%
PK Defense
1 - 0% - 60%
2 - 0% - 40%
PK3 Forward
1 - 0% - 60%
2 - 0% - 40%
PK3 Defense
1 - 0% - 60%
2 - 0% - 40%
44 Forward
1 - 0% - 60%
2 - 0% - 40%
44 Defense
1 - 0% - 60%
2 - 0% - 40%
Last Minute Offensive - 0:00
Last Minute Defensive - 0:00
Total
Forward - 60:00
Defense - 60:00
|
% Time on Ice - Carnivores
Lines # - Real PCT - Wanted PCT - Time Play
Normal Forward
1 - 37% - 40% - 20:29
2 - 26% - 30% - 14:47
3 - 23% - 20% - 12:42
4 - 14% - 10% - 8:04
Normal Defense
1 - 38% - 40% - 21:20
2 - 28% - 30% - 15:49
3 - 22% - 20% - 12:17
4 - 12% - 10% - 6:36
PP Forward
1 - 0% - 60%
2 - 0% - 40%
PP Defense
1 - 0% - 60%
2 - 0% - 40%
PK Forward
1 - 80% - 60% - 3:11
2 - 20% - 40% - 0:47
PK Defense
1 - 54% - 60% - 2:09
2 - 46% - 40% - 1:49
PK3 Forward
1 - 0% - 60%
2 - 0% - 40%
PK3 Defense
1 - 0% - 60%
2 - 0% - 40%
44 Forward
1 - 0% - 60%
2 - 0% - 40%
44 Defense
1 - 0% - 60%
2 - 0% - 40%
Last Minute Offensive - 0:00
Last Minute Defensive - 0:00
Total
Forward - 60:00
Defense - 60:00
|
Play-by-Play
1st period
0:01 of 1st period - Scott Laughton wins face-off versus Bo Horvat in neutral zone.
0:11 of 1st period - Snap shot by Max Domi.
0:11 of 1st period - Stopped by Niklas Svedberg without a rebound.
0:12 of 1st period - Anton Gustafsson wins face-off versus Pavel Zacha in Carnivores zone.
0:19 of 1st period - Dmitry Sinitsyn is hit by Blake Geoffrion and loses puck.
1:31 of 1st period - Snap shot by Brett Connolly.
1:31 of 1st period - Stopped by Malcolm Subban with a rebound.
2:01 of 1st period - Colton Sissons is hit by Nicolas Deslauriers and loses puck.
2:26 of 1st period - Snap shot by Max Domi.
2:26 of 1st period - Shot Misses the Net.
2:44 of 1st period - Ryan Dzingel is hit by Adam Almquist and loses puck.
3:08 of 1st period - Blake Geoffrion is hit by Markus Nutivaara and loses puck.
3:17 of 1st period - Snap shot by Justin Bailey.
3:17 of 1st period - Shot Misses the Net.
3:36 of 1st period - Snap shot by Nicolas Deslauriers.
3:36 of 1st period - Shot Blocked by Luca Sbisa.
4:13 of 1st period - Trevor Van Riemsdyk is hit by Bo Horvat and loses puck.
4:49 of 1st period - Wrist shot by Ryan Dzingel.
4:49 of 1st period - Shot Misses the Net.
4:51 of 1st period - Wrist shot by Ryan Dzingel.
4:51 of 1st period - Stopped by Niklas Svedberg without a rebound.
4:52 of 1st period - Shane Prince wins face-off versus Markus Granlund in Carnivores zone.
4:57 of 1st period - Wrist shot by Shane Prince.
4:57 of 1st period - Shot Blocked by Markus Granlund.
4:59 of 1st period - Slapshot by Tim Erixon.
4:59 of 1st period - Shot Misses the Net.
5:01 of 1st period - Slapshot by Tim Erixon.
5:01 of 1st period - Stopped by Niklas Svedberg with a rebound.
5:03 of 1st period - Slapshot by Tim Erixon.
5:03 of 1st period - Shot Misses the Net.
5:05 of 1st period - Slapshot by Tim Erixon.
5:05 of 1st period - Shot Misses the Net.
5:07 of 1st period - Slapshot by Tim Erixon.
5:07 of 1st period - Shot Misses the Net.
5:44 of 1st period - Slapshot by Blake Geoffrion.
5:44 of 1st period - Shot Blocked by Dmitry Sinitsyn.
5:48 of 1st period - Snap shot by Anton Gustafsson.
5:48 of 1st period - Stopped by Malcolm Subban with a rebound.
6:53 of 1st period - Snap shot by Joel Armia.
6:53 of 1st period - Stopped by Malcolm Subban without a rebound.
6:54 of 1st period - Anton Gustafsson wins face-off versus Bo Horvat in Influenza zone.
7:50 of 1st period - Snap shot by Blake Geoffrion.
7:50 of 1st period - Stopped by Malcolm Subban with a rebound.
8:16 of 1st period - Wrist shot by Anton Gustafsson.
8:16 of 1st period - Stopped by Malcolm Subban with a rebound.
8:18 of 1st period - Wrist shot by Anton Gustafsson.
8:18 of 1st period - Shot Blocked by Tim Erixon.
8:54 of 1st period - Wrist shot by Blake Geoffrion.
8:54 of 1st period - Shot Misses the Net.
8:58 of 1st period - Backhand shot by Joel Armia.
8:58 of 1st period - Shot Blocked by Tim Erixon.
9:00 of 1st period - Wrist shot by Blake Geoffrion.
9:00 of 1st period - Goal by Blake Geoffrion - Influenza : 0 - Carnivores : 1.
9:01 of 1st period - Scott Laughton wins face-off versus Bo Horvat in neutral zone.
9:16 of 1st period - Slapshot by Bo Horvat.
9:16 of 1st period - Stopped by Niklas Svedberg without a rebound.
9:17 of 1st period - Bo Horvat wins face-off versus Markus Granlund in Carnivores zone.
9:26 of 1st period - Snap shot by Iiro Pakarinen.
9:26 of 1st period - Stopped by Niklas Svedberg without a rebound.
9:27 of 1st period - Markus Granlund wins face-off versus Bo Horvat in Carnivores zone.
9:32 of 1st period - Luca Sbisa is hit by Nicolas Deslauriers and loses puck.
9:44 of 1st period - Slapshot by Luca Sbisa.
9:44 of 1st period - Deflect By Iiro Pakarinen.
9:44 of 1st period - Stopped by Niklas Svedberg without a rebound.
9:45 of 1st period - Colton Sissons wins face-off versus Scott Laughton in Carnivores zone.
9:54 of 1st period - Snap shot by Colton Sissons.
9:54 of 1st period - Shot Misses the Net.
10:33 of 1st period - Snap shot by Hunter Shinkaruk.
10:33 of 1st period - Stopped by Malcolm Subban without a rebound.
10:34 of 1st period - Colton Sissons wins face-off versus Lucas Wallmark in Influenza zone.
12:27 of 1st period - Snap shot by Pavel Zacha.
12:27 of 1st period - Stopped by Niklas Svedberg without a rebound.
12:28 of 1st period - Pavel Zacha wins face-off versus Lucas Wallmark in Carnivores zone.
12:37 of 1st period - Snap shot by JT Compher.
12:37 of 1st period - Shot Misses the Net.
12:39 of 1st period - Slapshot by Dmitry Sinitsyn.
12:39 of 1st period - Shot Misses the Net.
12:41 of 1st period - Slapshot by Dmitry Sinitsyn.
12:41 of 1st period - Shot Misses the Net.
12:43 of 1st period - Slapshot by Justin Bailey.
12:43 of 1st period - Deflect By Trevor Van Riemsdyk.
12:43 of 1st period - Stopped by Niklas Svedberg without a rebound.
12:44 of 1st period - Scott Laughton wins face-off versus Bo Horvat in Carnivores zone.
12:54 of 1st period - Iiro Pakarinen is hit by Mat Clark and loses puck.
13:16 of 1st period - Off-side.
13:17 of 1st period - Markus Granlund wins face-off versus Colton Sissons in neutral zone.
13:22 of 1st period - Snap shot by Nicolas Deslauriers.
13:22 of 1st period - Shot Misses the Net.
13:24 of 1st period - Snap shot by Mark McNeill.
13:24 of 1st period - Shot Blocked by Roland McKeown.
13:32 of 1st period - Wrist shot by Markus Granlund.
13:32 of 1st period - Shot Blocked by Noah Hanifin.
13:42 of 1st period - Roland McKeown is hit by Joel Armia and loses puck.
13:55 of 1st period - Wrist shot by Blake Geoffrion.
13:55 of 1st period - Shot Blocked by Lucas Lessio.
14:47 of 1st period - Snap shot by JT Compher.
14:47 of 1st period - Shot Misses the Net.
14:49 of 1st period - Backhand shot by Pavel Zacha.
14:49 of 1st period - Shot Misses the Net.
14:51 of 1st period - Snap shot by Pavel Zacha.
14:51 of 1st period - Goal by Pavel Zacha - Influenza : 1 - Carnivores : 1.
14:52 of 1st period - Scott Laughton wins face-off versus Bo Horvat in neutral zone.
14:55 of 1st period - Slapshot by Nicolas Kerdiles.
14:55 of 1st period - Stopped by Malcolm Subban with a rebound.
14:57 of 1st period - Wrist shot by Scott Laughton.
14:57 of 1st period - Goal by Scott Laughton - Influenza : 1 - Carnivores : 2.
14:58 of 1st period - Bo Horvat wins face-off versus Scott Laughton in neutral zone.
15:43 of 1st period - Slapshot by Hunter Shinkaruk.
15:43 of 1st period - Shot Blocked by Markus Nutivaara.
15:49 of 1st period - Wrist shot by Brett Connolly.
15:49 of 1st period - Shot Blocked by Tim Erixon.
16:15 of 1st period - Wrist shot by Colton Sissons.
16:15 of 1st period - Shot Blocked by Mat Clark.
16:17 of 1st period - Slapshot by Colton Sissons.
16:17 of 1st period - Shot Misses the Net.
16:26 of 1st period - Off-side.
16:27 of 1st period - Bo Horvat wins face-off versus Scott Laughton in neutral zone.
16:38 of 1st period - Snap shot by Iiro Pakarinen.
16:38 of 1st period - Shot Misses the Net.
16:40 of 1st period - Slapshot by Dmitry Sinitsyn.
16:40 of 1st period - Shot Blocked by Chris Lawrence.
16:42 of 1st period - Slapshot by Iiro Pakarinen.
16:42 of 1st period - Shot Blocked by Andreas Englund.
17:13 of 1st period - Snap shot by Markus Granlund.
17:13 of 1st period - Shot Blocked by Tim Erixon.
17:15 of 1st period - Slapshot by Mattias Backman.
17:15 of 1st period - Deflect By Markus Nutivaara.
17:15 of 1st period - Stopped by Malcolm Subban with a rebound.
17:17 of 1st period - Slapshot by Mattias Backman.
17:17 of 1st period - Stopped by Malcolm Subban with a rebound.
17:19 of 1st period - Wrist shot by Mattias Backman.
17:19 of 1st period - Deflect By Markus Nutivaara.
17:19 of 1st period - Stopped by Malcolm Subban with a rebound.
17:21 of 1st period - Slapshot by Mattias Backman.
17:21 of 1st period - Stopped by Malcolm Subban with a rebound.
17:35 of 1st period - Snap shot by Lucas Lessio.
17:35 of 1st period - Stopped by Niklas Svedberg with a rebound.
17:37 of 1st period - Wrist shot by Markus Nutivaara.
17:37 of 1st period - Stopped by Niklas Svedberg with a rebound.
17:39 of 1st period - Slapshot by Tim Erixon.
17:39 of 1st period - Shot Misses the Net.
17:41 of 1st period - Snap shot by Lucas Lessio.
17:41 of 1st period - Stopped by Niklas Svedberg without a rebound.
17:42 of 1st period - Scott Laughton wins face-off versus Bo Horvat in Carnivores zone.
17:49 of 1st period - Wrist shot by Scott Laughton.
17:49 of 1st period - Stopped by Malcolm Subban without a rebound.
17:50 of 1st period - Max Domi wins face-off versus Scott Laughton in Influenza zone.
17:55 of 1st period - Scott Laughton is hit by Luca Sbisa and loses puck.
18:06 of 1st period - Wrist shot by Nicolas Kerdiles.
18:06 of 1st period - Shot Misses the Net.
18:08 of 1st period - Slapshot by Mat Clark.
18:08 of 1st period - Shot Blocked by Iiro Pakarinen.
18:10 of 1st period - Wrist shot by Chris Lawrence.
18:10 of 1st period - Stopped by Malcolm Subban with a rebound.
18:18 of 1st period - Snap shot by Chris Lawrence.
18:18 of 1st period - Stopped by Malcolm Subban without a rebound.
18:19 of 1st period - Anton Gustafsson wins face-off versus Justin Bailey in Influenza zone.
18:54 of 1st period - Off-side.
18:55 of 1st period - Scott Laughton wins face-off versus Bo Horvat in neutral zone.
19:38 of 1st period - Wrist shot by Max Domi.
19:38 of 1st period - Stopped by Niklas Svedberg without a rebound.
19:39 of 1st period - Scott Laughton wins face-off versus JT Compher in Carnivores zone.
Goals for this period are 1 for Influenza vs 2 for Carnivores.
Shots for this period are 13 for Influenza vs 16 for Carnivores.
2nd period
0:01 of 2nd period - Bo Horvat wins face-off versus Scott Laughton in neutral zone.
0:12 of 2nd period - Max Domi is hit by Scott Laughton and loses puck.
0:25 of 2nd period - Blake Geoffrion is hit by Luca Sbisa and loses puck.
0:30 of 2nd period - Wrist shot by JT Compher.
0:30 of 2nd period - Stopped by Niklas Svedberg without a rebound.
0:31 of 2nd period - Scott Laughton wins face-off versus Pavel Zacha in Carnivores zone.
0:36 of 2nd period - Snap shot by Pavel Zacha.
0:36 of 2nd period - Shot Blocked by Mattias Backman.
0:38 of 2nd period - Slapshot by Roland McKeown.
0:38 of 2nd period - Deflect By Nicolas Kerdiles.
0:38 of 2nd period - Stopped by Niklas Svedberg without a rebound.
0:39 of 2nd period - Pavel Zacha wins face-off versus Scott Laughton in Carnivores zone.
0:50 of 2nd period - Wrist shot by JT Compher.
0:50 of 2nd period - Shot Misses the Net.
0:52 of 2nd period - Snap shot by Pavel Zacha.
0:52 of 2nd period - Stopped by Niklas Svedberg without a rebound.
0:53 of 2nd period - Bo Horvat wins face-off versus Scott Laughton in Carnivores zone.
0:56 of 2nd period - Snap shot by Max Domi.
0:56 of 2nd period - Stopped by Niklas Svedberg without a rebound.
0:57 of 2nd period - Scott Laughton wins face-off versus Bo Horvat in Carnivores zone.
1:14 of 2nd period - Scott Laughton is hit by Tim Erixon and loses puck.
1:21 of 2nd period - Wrist shot by Chris Lawrence.
1:21 of 2nd period - Shot Misses the Net.
1:33 of 2nd period - Slapshot by Max Domi.
1:33 of 2nd period - Shot Misses the Net.
1:39 of 2nd period - Iiro Pakarinen is hit by Chris Lawrence and loses puck.
1:50 of 2nd period - Wrist shot by Scott Laughton.
1:50 of 2nd period - Stopped by Malcolm Subban with a rebound.
1:52 of 2nd period - Snap shot by Chris Lawrence.
1:52 of 2nd period - Shot Misses the Net.
1:54 of 2nd period - Slapshot by Chris Lawrence.
1:54 of 2nd period - Deflect By Nicolas Kerdiles.
1:54 of 2nd period - Shot Blocked by Markus Nutivaara.
1:54 of 2nd period - Puck is out of play.
1:55 of 2nd period - Justin Bailey wins face-off versus Anton Gustafsson in Influenza zone.
2:10 of 2nd period - Snap shot by Anton Gustafsson.
2:10 of 2nd period - Stopped by Malcolm Subban with a rebound.
2:24 of 2nd period - Snap shot by Nicolas Deslauriers.
2:24 of 2nd period - Stopped by Malcolm Subban without a rebound.
2:25 of 2nd period - Mark McNeill wins face-off versus Colton Sissons in Influenza zone.
3:03 of 2nd period - Snap shot by Lucas Lessio.
3:03 of 2nd period - Stopped by Niklas Svedberg without a rebound.
3:04 of 2nd period - Bo Horvat wins face-off versus Scott Laughton in Carnivores zone.
3:40 of 2nd period - Snap shot by JT Compher.
3:40 of 2nd period - Stopped by Niklas Svedberg with a rebound.
4:22 of 2nd period - Icing by Tom Kuhnhackl.
4:23 of 2nd period - Colton Sissons wins face-off versus Scott Laughton in Influenza zone.
4:28 of 2nd period - Slapshot by Markus Nutivaara.
4:28 of 2nd period - Shot Blocked by Nicolas Kerdiles.
4:30 of 2nd period - Slapshot by Tim Erixon.
4:30 of 2nd period - Deflect By Nicolas Kerdiles.
4:30 of 2nd period - Stopped by Niklas Svedberg with a rebound.
4:32 of 2nd period - Slapshot by Markus Nutivaara.
4:32 of 2nd period - Shot Blocked by Scott Laughton.
4:50 of 2nd period - Anton Gustafsson is hit by Bo Horvat and loses puck.
5:21 of 2nd period - Backhand shot by Nicolas Deslauriers.
5:21 of 2nd period - Shot Misses the Net.
5:23 of 2nd period - Snap shot by Markus Granlund.
5:23 of 2nd period - Stopped by Malcolm Subban with a rebound.
5:33 of 2nd period - Lucas Wallmark is hit by Jaden Lindo and loses puck.
6:18 of 2nd period - Snap shot by Lucas Lessio.
6:18 of 2nd period - Shot Misses the Net.
7:14 of 2nd period - Noah Hanifin is hit by Andreas Englund and loses puck.
7:35 of 2nd period - Ryan Dzingel is hit by Mat Clark and loses puck.
7:40 of 2nd period - Wrist shot by Joel Armia.
7:40 of 2nd period - Shot Misses the Net.
7:42 of 2nd period - Slapshot by Mat Clark.
7:42 of 2nd period - Deflect By Blake Geoffrion.
7:42 of 2nd period - Stopped by Malcolm Subban with a rebound.
8:04 of 2nd period - Wrist shot by Lucas Lessio.
8:04 of 2nd period - Stopped by Niklas Svedberg with a rebound.
8:13 of 2nd period - Off-side.
8:14 of 2nd period - Bo Horvat wins face-off versus Scott Laughton in neutral zone.
8:48 of 2nd period - Snap shot by Blake Geoffrion.
8:48 of 2nd period - Shot Misses the Net.
8:50 of 2nd period - Slapshot by Joel Armia.
8:50 of 2nd period - Shot Blocked by Luca Sbisa.
9:31 of 2nd period - Off-side.
9:32 of 2nd period - Nicolas Kerdiles wins face-off versus Bo Horvat in neutral zone.
9:40 of 2nd period - Snap shot by Iiro Pakarinen.
9:40 of 2nd period - Shot Blocked by Mat Clark.
10:20 of 2nd period - Josh Morrissey is hit by Justin Bailey.
10:37 of 2nd period - Snap shot by JT Compher.
10:37 of 2nd period - Stopped by Niklas Svedberg with a rebound.
10:39 of 2nd period - Snap shot by Luca Sbisa.
10:39 of 2nd period - Stopped by Niklas Svedberg with a rebound.
11:15 of 2nd period - Blake Geoffrion is hit by JT Compher and loses puck.
11:50 of 2nd period - Snap shot by JT Compher.
11:50 of 2nd period - Stopped by Niklas Svedberg without a rebound.
11:51 of 2nd period - Bo Horvat wins face-off versus Scott Laughton in Carnivores zone.
13:27 of 2nd period - Wrist shot by Markus Nutivaara.
13:27 of 2nd period - Stopped by Niklas Svedberg with a rebound.
13:29 of 2nd period - Slapshot by Tim Erixon.
13:29 of 2nd period - Shot Blocked by Adam Almquist.
13:31 of 2nd period - Slapshot by Tim Erixon.
13:31 of 2nd period - Stopped by Niklas Svedberg with a rebound.
13:40 of 2nd period - Off-side.
13:41 of 2nd period - Scott Laughton wins face-off versus Max Domi in neutral zone.
13:54 of 2nd period - Slapshot by Chris Lawrence.
13:54 of 2nd period - Shot Blocked by Roland McKeown.
13:56 of 2nd period - Wrist shot by Scott Laughton.
13:56 of 2nd period - Shot Misses the Net.
14:06 of 2nd period - Roland McKeown is hit by Markus Granlund and loses puck.
14:33 of 2nd period - Bo Horvat is hit by Lucas Wallmark.
16:34 of 2nd period - Slapshot by Markus Nutivaara.
16:34 of 2nd period - Shot Misses the Net.
16:36 of 2nd period - Slapshot by Shane Prince.
16:36 of 2nd period - Goal by Shane Prince - Influenza : 2 - Carnivores : 2.
16:37 of 2nd period - Colton Sissons wins face-off versus Scott Laughton in neutral zone.
16:48 of 2nd period - Snap shot by Nicolas Kerdiles.
16:48 of 2nd period - Goal by Nicolas Kerdiles - Influenza : 2 - Carnivores : 3.
16:49 of 2nd period - Bo Horvat wins face-off versus Scott Laughton in neutral zone.
18:12 of 2nd period - Snap shot by Nicolas Deslauriers.
18:12 of 2nd period - Shot Misses the Net.
18:18 of 2nd period - Markus Granlund is hit by Bo Horvat.
18:28 of 2nd period - Snap shot by Lucas Lessio.
18:28 of 2nd period - Stopped by Niklas Svedberg without a rebound.
18:29 of 2nd period - Anton Gustafsson wins face-off versus Colton Sissons in Carnivores zone.
18:58 of 2nd period - Snap shot by Tom Kuhnhackl.
18:58 of 2nd period - Shot Misses the Net.
19:00 of 2nd period - Slapshot by Noah Hanifin.
19:00 of 2nd period - Stopped by Niklas Svedberg without a rebound.
19:01 of 2nd period - Bo Horvat wins face-off versus Scott Laughton in Carnivores zone.
19:10 of 2nd period - Slapshot by Iiro Pakarinen.
19:10 of 2nd period - Stopped by Niklas Svedberg without a rebound.
19:11 of 2nd period - Bo Horvat wins face-off versus Scott Laughton in Carnivores zone.
19:26 of 2nd period - Snap shot by Scott Laughton.
19:26 of 2nd period - Deflect By Bo Horvat.
19:26 of 2nd period - Stopped by Malcolm Subban without a rebound.
19:27 of 2nd period - Pavel Zacha wins face-off versus Anton Gustafsson in Influenza zone.
19:27 of 2nd period - Pavel Zacha is hit by Blake Geoffrion.
Goals for this period are 1 for Influenza vs 1 for Carnivores.
Shots for this period are 17 for Influenza vs 7 for Carnivores.
3rd period
0:01 of 3rd period - Bo Horvat wins face-off versus Scott Laughton in neutral zone.
0:06 of 3rd period - Wrist shot by Bo Horvat.
0:06 of 3rd period - Shot Misses the Net.
0:08 of 3rd period - Wrist shot by Iiro Pakarinen.
0:08 of 3rd period - Stopped by Niklas Svedberg without a rebound.
0:09 of 3rd period - Bo Horvat wins face-off versus Nicolas Kerdiles in Carnivores zone.
0:48 of 3rd period - Wrist shot by Max Domi.
0:48 of 3rd period - Shot Misses the Net.
0:50 of 3rd period - Snap shot by Max Domi.
0:50 of 3rd period - Stopped by Niklas Svedberg with a rebound.
0:52 of 3rd period - Backhand shot by Iiro Pakarinen.
0:52 of 3rd period - Stopped by Niklas Svedberg without a rebound.
0:53 of 3rd period - Anton Gustafsson wins face-off versus Pavel Zacha in Carnivores zone.
1:28 of 3rd period - Backhand shot by Brett Connolly.
1:28 of 3rd period - Stopped by Malcolm Subban with a rebound.
1:30 of 3rd period - Snap shot by Brett Connolly.
1:30 of 3rd period - Stopped by Malcolm Subban with a rebound.
1:40 of 3rd period - Dmitry Sinitsyn is hit by Markus Granlund and loses puck.
2:00 of 3rd period - Slapshot by Noah Hanifin.
2:00 of 3rd period - Stopped by Niklas Svedberg without a rebound.
2:01 of 3rd period - Max Domi wins face-off versus Scott Laughton in Carnivores zone.
2:08 of 3rd period - Wrist shot by Markus Nutivaara.
2:08 of 3rd period - Deflect By Josh Morrissey.
2:08 of 3rd period - Stopped by Niklas Svedberg with a rebound.
2:17 of 3rd period - Minor Penalty to Mat Clark for Interference.
2:18 of 3rd period - Anton Gustafsson wins face-off versus Bo Horvat in Carnivores zone.
2:28 of 3rd period - Snap shot by Nicolas Kerdiles.
2:28 of 3rd period - Shot Blocked by Luca Sbisa.
2:36 of 3rd period - Anton Gustafsson is hit by Luca Sbisa.
4:17 of 3rd period - Penalty to Mat Clark is over, Mat Clark is back on ice.
4:37 of 3rd period - Slapshot by Josh Morrissey.
4:37 of 3rd period - Shot Blocked by Tim Erixon.
4:39 of 3rd period - Snap shot by Josh Morrissey.
4:39 of 3rd period - Stopped by Malcolm Subban without a rebound.
4:40 of 3rd period - Lucas Wallmark wins face-off versus Shane Prince in Influenza zone.
5:20 of 3rd period - Snap shot by Scott Laughton.
5:20 of 3rd period - Shot Misses the Net.
5:22 of 3rd period - Wrist shot by Scott Laughton.
5:22 of 3rd period - Goal by Scott Laughton - Influenza : 2 - Carnivores : 4.
5:23 of 3rd period - Scott Laughton wins face-off versus Bo Horvat in neutral zone.
5:31 of 3rd period - Off-side.
5:32 of 3rd period - Scott Laughton wins face-off versus Bo Horvat in neutral zone.
5:45 of 3rd period - Backhand shot by Scott Laughton.
5:45 of 3rd period - Shot Blocked by Dmitry Sinitsyn.
5:47 of 3rd period - Slapshot by Josh Morrissey.
5:47 of 3rd period - Stopped by Malcolm Subban without a rebound.
5:48 of 3rd period - Pavel Zacha wins face-off versus Anton Gustafsson in Influenza zone.
6:38 of 3rd period - Slapshot by Mat Clark.
6:38 of 3rd period - Stopped by Malcolm Subban with a rebound.
7:08 of 3rd period - Snap shot by JT Compher.
7:08 of 3rd period - Stopped by Niklas Svedberg without a rebound.
7:09 of 3rd period - Bo Horvat wins face-off versus Scott Laughton in Carnivores zone.
7:20 of 3rd period - Snap shot by Bo Horvat.
7:20 of 3rd period - Shot Blocked by Carl Dahlstrom.
7:22 of 3rd period - Wrist shot by Max Domi.
7:22 of 3rd period - Shot Misses the Net.
7:24 of 3rd period - Snap shot by Dmitry Sinitsyn.
7:24 of 3rd period - Stopped by Niklas Svedberg with a rebound.
9:13 of 3rd period - Wrist shot by Chris Lawrence.
9:13 of 3rd period - Stopped by Malcolm Subban without a rebound.
9:14 of 3rd period - Anton Gustafsson wins face-off versus Bo Horvat in Influenza zone.
9:15 of 3rd period - Slapshot by Blake Geoffrion.
9:15 of 3rd period - Stopped by Malcolm Subban with a rebound.
9:39 of 3rd period - Anton Gustafsson is hit by Shane Prince and loses puck.
9:43 of 3rd period - Icing by Joel Armia.
9:44 of 3rd period - Blake Geoffrion wins face-off versus Jaden Lindo in Carnivores zone.
9:44 of 3rd period - Blake Geoffrion is hit by Shane Prince.
9:53 of 3rd period - Off-side.
9:54 of 3rd period - Mark McNeill wins face-off versus Bo Horvat in neutral zone.
10:04 of 3rd period - Wrist shot by Max Domi.
10:04 of 3rd period - Shot Blocked by Markus Granlund.
10:06 of 3rd period - Wrist shot by Iiro Pakarinen.
10:06 of 3rd period - Stopped by Niklas Svedberg without a rebound.
10:07 of 3rd period - Anton Gustafsson wins face-off versus Bo Horvat in Carnivores zone.
10:32 of 3rd period - Nicolas Deslauriers is hit by Justin Bailey.
10:36 of 3rd period - Mark McNeill is hit by Tim Erixon and loses puck.
11:00 of 3rd period - Hunter Shinkaruk is hit by Markus Nutivaara and loses puck.
11:35 of 3rd period - Noah Hanifin is hit by Brett Connolly and loses puck.
12:08 of 3rd period - Anton Gustafsson is hit by Shane Prince and loses puck.
12:13 of 3rd period - Slapshot by Tim Erixon.
12:13 of 3rd period - Shot Misses the Net.
12:15 of 3rd period - Wrist shot by Jaden Lindo.
12:15 of 3rd period - Shot Misses the Net.
12:33 of 3rd period - Justin Bailey is hit by Chris Lawrence and loses puck.
13:12 of 3rd period - Snap shot by Nicolas Deslauriers.
13:12 of 3rd period - Stopped by Malcolm Subban with a rebound.
13:20 of 3rd period - Minor Penalty to Mat Clark for Roughing.
13:21 of 3rd period - Anton Gustafsson wins face-off versus Bo Horvat in Carnivores zone.
13:36 of 3rd period - Nicolas Kerdiles is hit by Bo Horvat.
13:48 of 3rd period - Mattias Backman is hit by Iiro Pakarinen and loses puck.
13:55 of 3rd period - Slapshot by JT Compher.
13:55 of 3rd period - Shot Blocked by Nicolas Kerdiles.
13:57 of 3rd period - Snap shot by JT Compher.
13:57 of 3rd period - Shot Blocked by Anton Gustafsson.
14:06 of 3rd period - Off-side.
14:07 of 3rd period - Bo Horvat wins face-off versus Markus Granlund in neutral zone.
14:32 of 3rd period - Markus Granlund is hit by JT Compher and loses puck.
15:08 of 3rd period - Icing by Tim Erixon.
15:09 of 3rd period - Bo Horvat wins face-off versus Anton Gustafsson in Influenza zone.
15:20 of 3rd period - Penalty to Mat Clark is over, Mat Clark is back on ice.
15:20 of 3rd period - Mattias Backman is hit by Luca Sbisa and loses puck.
16:29 of 3rd period - Icing by Tim Erixon.
16:30 of 3rd period - Justin Bailey wins face-off versus Scott Laughton in Influenza zone.
16:57 of 3rd period - Wrist shot by Nicolas Deslauriers.
16:57 of 3rd period - Shot Misses the Net.
17:16 of 3rd period - Off-side.
17:17 of 3rd period - Colton Sissons wins face-off versus Anton Gustafsson in neutral zone.
17:22 of 3rd period - Slapshot by Lucas Lessio.
17:22 of 3rd period - Stopped by Niklas Svedberg without a rebound.
17:23 of 3rd period - Anton Gustafsson wins face-off versus Bo Horvat in Carnivores zone.
17:39 of 3rd period - Slapshot by Max Domi.
17:39 of 3rd period - Stopped by Niklas Svedberg without a rebound.
17:40 of 3rd period - Scott Laughton wins face-off versus Pavel Zacha in Carnivores zone.
17:47 of 3rd period - Justin Bailey is hit by Chris Lawrence and loses puck.
18:32 of 3rd period - Slapshot by Markus Granlund.
18:32 of 3rd period - Stopped by Malcolm Subban with a rebound.
18:34 of 3rd period - Snap shot by Mark McNeill.
18:34 of 3rd period - Shot Misses the Net.
18:36 of 3rd period - Snap shot by Josh Morrissey.
18:36 of 3rd period - Shot Blocked by Tim Erixon.
Goals for this period are 0 for Influenza vs 1 for Carnivores.
Shots for this period are 10 for Influenza vs 10 for Carnivores.